 Dungeon Crawl Stone Soup version 0.28-a0-1312-g71652a0310 (webtiles) character file.

Game seed: 10573405288894250090

59406 Ericske the Stormcaller (level 14, 0/115 HPs)
             Began as a Yellow Draconian Air Elementalist on Dec 27, 2021.
             Was a High Priest of Ignis.
             Slain by an entropy weaver (13 damage)
             ... on level 3 of the Lair of Beasts.
             The game lasted 04:19:40 (37295 turns).

Ericske the Stormcaller (DrAE)                     Turns: 37295, Time: 04:19:41

Health: 0/115      AC: 12    Str: 11    XL:     14   Next: 53%
Magic:  11/28      EV: 15    Int: 19    God:    Ignis [*****.]
Gold:   1238       SH:  7    Dex: 23    Spells: 23/34 levels left

rFire   + . .      SeeInvis .   N - +7 dagger of Res Nullius {speed, Contam rCorr Dex+4 Stlth+}
rCold   . . .      Faith    .   m - +0 buckler
rNeg    + . .      Spirit   .   (armour unavailable)
rPois   .          Reflect  .   (helmet restricted)
rElec   .          Harm     .   J - +0 cloak
rCorr   +          Rampage  .   v - +2 pair of gloves
Will    +....                   (no boots)
Stlth   ++++......              Q - amulet of magic regeneration
HPRegen 0.29/turn               h - ring of positive energy
MPRegen 0.61/turn               V - +6 ring of dexterity

@: no status effects
A: spit acid, AC +8, unfitting armour, acidic bite, cold-blooded, acid
resistance
a: Breathe Acid, Renounce Religion, Fiery Armour, Foxfire Swarm


You were on level 3 of the Lair of Beasts.
You worshipped Ignis.
Ignis was extremely pleased with you.
You visited 5 branches of the dungeon, and saw 20 of its levels.

You collected 1378 gold pieces.
You spent 140 gold pieces at shops.

Inventory:

Hand Weapons
 b - the +8 flail of Maass {elec, rF++ Str+3}
   (You found it on level 5 of the Lair of Beasts)

   It occasionally discharges a powerful burst of electricity upon striking a
   foe.
   Str:       It affects your strength (+3).
   rF:        It greatly protects you from fire.
 N - the +7 dagger of Res Nullius (weapon) {speed, Contam rCorr Dex+4 Stlth+}
   (You took it off an orc on level 9 of the Dungeon)

   Attacks with this weapon are significantly faster.
   Dex:       It affects your dexterity (+4).
   Contam:    It causes magical contamination when unequipped.
   rCorr:     It protects you from acid and corrosion.
   Stlth:     It makes you more stealthy.
Missiles
 d - 388 stones
 l - 59 poisoned darts (quivered)
 o - 2 silver boomerangs
 u - 108 bolts
 E - 171 arrows
Armour
 m - a +0 buckler (worn)
 v - a +2 pair of gloves (worn)
 J - a +0 cloak (worn)
Magical Staves
 w - a staff of poison
 F - a staff of cold
Jewellery
 h - a ring of positive energy (left hand)
 q - a ring of fire
 H - a ring of poison resistance
 L - a ring of ice
 Q - an amulet of magic regeneration (around neck)
 S - a +6 ring of strength
 V - a +6 ring of dexterity (right hand)
 X - a ring of see invisible
Wands
 n - a wand of polymorph (5)
 y - a wand of flame (22)
 A - a wand of charming (6)
 C - a wand of iceblast (28)
 I - a wand of acid (5)
Scrolls
 f - a scroll of fear {unknown}
 g - a scroll of noise {unknown}
 i - a scroll of holy word {unknown}
 j - 3 scrolls of identify
 k - a scroll of blinking {unknown}
 r - 6 scrolls of teleportation
 s - 2 scrolls of amnesia
 x - 6 scrolls of enchant armour
 D - 3 scrolls of fog
 G - a scroll of magic mapping
 T - a scroll of summoning {unknown}
 U - 7 scrolls of immolation {unknown}
 Y - 2 scrolls of acquirement {unknown}
Potions
 a - 2 potions of berserk rage
 c - 2 potions of brilliance
 e - a potion of degeneration {unknown}
 p - a potion of flight
 t - 5 potions of heal wounds
 z - 2 potions of might
 B - 3 potions of haste
 K - 6 potions of curing
 M - a potion of lignification
 O - 3 potions of invisibility
 P - 2 potions of attraction
 R - 2 potions of mutation {unknown}
Miscellaneous
 W - a lightning rod (4/4)


   Skills:
 - Level 8.0 Fighting
 * Level 6.9 Short Blades
 - Level 6.0 Crossbows
 - Level 5.0 Dodging
 - Level 5.0 Stealth
 - Level 7.0 Shields
 + Level 10.5 Spellcasting
 - Level 6.0 Conjurations
 + Level 6.0 Ice Magic
 + Level 15.5 Air Magic
 - Level 3.0 Poison Magic


You had 23 spell levels left.
You knew the following spells:

 Your Spells              Type           Power      Damage    Failure   Level
a - Shock                 Conj/Air       100%       1d9       1%          1
b - Swiftness             Air            62%        N/A       1%          3
c - Airstrike             Air            31%        N/A       1%          4
d - Ozocubu's Armour      Ice            33%        N/A       1%          3

Your spell library contained the following spells:

 Spells                   Type           Power      Damage    Failure   Level
 Static Discharge         Conj/Air       50%        N/A       1%          2
 Animate Skeleton         Necr           20%        N/A       7%          1
 Pain                     Necr           40%        1d6       7%          1
 Slow                     Hex            40%        N/A       7%          1
 Call Canine Familiar     Summ           10%        N/A       22%         3
 Confusing Touch          Hex            10%        N/A       22%         3
 Portal Projectile        Hex/Tloc       20%        N/A       22%         3
 Vampiric Draining        Necr           10%        2d6       22%         3
 Metabolic Englaciation   Hex/Ice        10%        N/A       50%         5
 Leda's Liquefaction      Hex/Erth       5%         N/A       56%         4
 Simulacrum               Ice/Necr       10%        N/A       97%         6


Dungeon Overview and Level Annotations

Branches:
Dungeon (11/15)            Temple (0/1) D:7            Lair (6/6) D:8
  Snake (1/4) Lair:2       Spider (1/4) Lair:3        Slime (0/5) Lair:6
    Orc (1/2) D:9

Altars:
Ashenzari
Dithmenos
Elyvilon
Gozag
Hepliaklqana
Makhleb
Nemelex Xobeh
Sif Muna
Zin
The Shining One
Ignis
Jiyva

Shops:
D:1 *[((   D:8 !

Annotations:
D:5 Sigmund
D:6 Dowan, Duvessa
D:9 3 runed translucent doors, Ic0n's ghost, novice TrMo
Lair:3 Gastronok
Lair:4 exclusion: 2 death yaks


Innate Abilities, Weirdness & Mutations

You can spit globs of acid.
Your golden yellow scales are hard. (AC +8)
You cannot fit into any form of body armour.
You have acidic saliva.
You are cold-blooded and may be slowed by cold attacks.
You are resistant to acid. (rCorr)


Message History

The entropy weaver hits you but does no damage.
The entropy weaver misses you. The entropy weaver closely misses you.
The entropy weaver hits you but does no damage.
Casting: Airstrike (safe; 1% risk of failure)
Confirm with . or Enter, or press ? or * to list all spells.
Aiming: Airstrike (safe; 1% risk of failure)
Press: ? - help, Dir - move target, f/p - entropy weaver
Aim: an entropy weaver (moderately wounded, empty space bonus: 4/8)
The air twists around and strikes the entropy weaver!
The entropy weaver is moderately wounded.
The entropy weaver barely misses you.
The entropy weaver hits you but does no damage. x2
The entropy weaver hits you.
Casting: Airstrike (safe; 1% risk of failure)
Confirm with . or Enter, or press ? or * to list all spells.
Aiming: Airstrike (safe; 1% risk of failure)
Press: ? - help, Dir - move target, f/p - entropy weaver
Aim: an entropy weaver (moderately wounded, empty space bonus: 4/8)
The air twists around and strikes the entropy weaver!
The entropy weaver is heavily wounded.
The entropy weaver hits you! The entropy weaver closely misses you.
You block the entropy weaver's attack. The entropy weaver hits you.
Casting: Airstrike (safe; 1% risk of failure)
Confirm with . or Enter, or press ? or * to list all spells.
Aiming: Airstrike (safe; 1% risk of failure)
Press: ? - help, Dir - move target, f/p - entropy weaver
Aim: an entropy weaver (heavily wounded, empty space bonus: 4/8)
The air twists around and strikes the entropy weaver.
The entropy weaver is heavily wounded.
The entropy weaver hits you! x2; The entropy weaver misses you.
The entropy weaver hits you.
You barely miss the entropy weaver.
Your tail-slap misses the entropy weaver.
The entropy weaver is heavily wounded.
The entropy weaver hits you!
* * * LOW HITPOINT WARNING * * *
The entropy weaver barely misses you. The entropy weaver hits you!
* * * LOW HITPOINT WARNING * * *
The entropy weaver hits you!
You die...

...........#^#..#.#...# #...
#..........^..###....^#### ##..
............#.#..#..#....# ####..
...........^#....^.^#^..## #.....
..........#.#......^#...# ####...
..........##..#≈≈≈≈.###.###.#....
...........##.≈≈≈≈≈^.##..#*#.....
...........#.^≈^..≈.##...###.....
...........#..'.@B+..#...........
.#.##...#####.#.#.####...........
#..###### ###########......##....
#### ##.......#.....>..###...
##........#.............#
##.........#P=............ #
##.........####........#### #
###..........# ##.....###
##*##............# ##.#..#


You could see an entropy weaver.

Vanquished Creatures
  Josephine (Lair:6)
  A boulder beetle (Lair:6)
  A hydra (Lair:5)
  2 catoblepae
  9 death yaks
  3 two-headed ogres (D:10)
  Sonja (Lair:4)
  An orb spider (Lair:3)
  Maurice (D:8)
  6 elephants
  A torpor snail (Lair:3)
  4 black mambas
  11 cane toads
  3 rime drakes
  A demonic crawler (Spider:1)
  11 komodo dragons
  7 polar bears
  A troll (D:9)
  6 hornets (Lair:6)
  26 blink frogs
  7 dream sheep (Lair:5)
  14 spriggans
  7 wyverns
  6 wraiths
  78 yaks
  5 basilisks
  A warg (D:9)
  3 steam dragons
  A redback (Lair:3)
  3 nagas (Lair:2)
  Menkaure (D:7)
  2 acid dragons (D:9)
  22 water moccasins
  2 ice beasts
  5 orc warriors
  4 sky beasts
  3 black bears
  2 necrophages
  3 hornet zombies
  3 ogres
  30 wolves
  3 boggarts (Lair:6)
  4 centaurs
  A phantom (D:6)
  A kobold brigand (D:6)
  Blork the orc (D:6)
  10 bullfrogs
  2 scorpions
  A water moccasin skeleton (D:5)
  18 killer bees
  4 wights (D:8)
  A centaur zombie (D:8)
  2 howler monkeys
  2 lava snakes (D:10)
  3 bullfrog zombies
  3 hounds
  A jelly (D:5)
  2 orc priests
  A bullfrog skeleton (D:6)
  4 iguanas
  3 iron imps (D:9)
  Natasha (thrice) (D:2)
  4 orc wizards
  2 hound skeletons (D:4)
  A howler monkey zombie (D:6)
  3 gnolls (D:5)
  8 adders
  A howler monkey skeleton (D:7)
  A white imp (D:6)
  An ufetubus (D:5)
  3 dart slugs
  39 orcs
  8 ball pythons
  6 bats
  6 endoplasms
  A giant cockroach (D:1)
  10 goblins
  7 hobgoblins
  4 jackals (D:3)
  13 kobolds
  5 quokkas
  6 frilled lizards
  A quokka skeleton (D:4)
  6 rats
505 creatures vanquished.

Vanquished Creatures (others)
  A bush (D:8)
  47 fungi
  118 plants
166 creatures vanquished.

Grand Total: 671 creatures vanquished

Notes
Turn   | Place    | Note
-------+----------+-------------------------------------------
     0 | D:1      | Ericske the Draconian Air Elementalist began the quest for
                  | the Orb.
     0 | D:1      | Reached XP level 1. HP: 14/14 MP: 3/3
   156 | D:1      | Found Xucoysu's Weapon Shop.
   358 | D:1      | Found Wezidaic's Weapon Emporium.
   482 | D:1      | Reached XP level 2. HP: 20/20 MP: 0/5
   748 | D:1      | Found Nobum's Armour Shop.
   839 | D:1      | Found Gaxinai's Assorted Antiques.
  1270 | D:2      | Found a faded altar of an unknown god.
  1322 | D:2      | Prayed at the altar of an unknown god.
  1322 | D:2      | Became a worshipper of Ignis, the Dying Flame
  1405 | D:2      | Reached XP level 3. HP: 26/26 MP: 2/6
  1465 | D:2      | Found Obiwnuem's Weapon Emporium.
  1572 | D:2      | Reached skill level 4 in Air Magic
  1996 | D:2      | Noticed Natasha
  2008 | D:2      | Killed Natasha
  2009 | D:2      | Reached XP level 4. HP: 19/33 MP: 1/7
  2068 | D:2      | Noticed Natasha
  2079 | D:2      | Killed Natasha
  2239 | D:2      | You fall into a shaft and drop 1 floor!
  2317 | D:3      | Noticed an ogre
  2667 | D:2      | Noticed Natasha
  2671 | D:2      | Killed Natasha
  2672 | D:2      | Reached XP level 5. HP: 38/38 MP: 3/9
  2836 | D:3      | Learned a level 3 spell: Swiftness
  3777 | D:3      | Reached skill level 5 in Air Magic
  3940 | D:4      | Noticed an ogre
  4395 | D:4      | Noticed an ogre
  4568 | D:4      | Reached XP level 6. HP: 32/45 MP: 0/10
  5311 | D:4      | Reached skill level 6 in Air Magic
  5311 | D:4      | Your scales start taking on a golden yellow colour.
  5311 | D:4      | Reached XP level 7. HP: 50/50 MP: 8/12
  5311 | D:4      | Gained mutation: You are resistant to acid. (rCorr) [Yellow
                  | Draconian growth]
  6511 | D:5      | Entered Level 5 of the Dungeon
  7031 | D:5      | Found a glowing golden altar of the Shining One.
  7218 | D:5      | Identified the +1 leather armour of Kikubaaqudgha's Envy
                  | {Dex+3 Slay+2}
  7283 | D:5      | Noticed Sigmund
  7402 | D:5      | Reached skill level 1 in Shields
  7402 | D:5      | Reached skill level 7 in Air Magic
  8030 | D:5      | Reached XP level 8. HP: 57/57 MP: 8/14
  8515 | D:6      | Found a broken altar of Ashenzari.
  8910 | D:6      | Noticed Duvessa
  9441 | D:6      | Reached skill level 8 in Air Magic
  9547 | D:6      | Reached skill level 5 in Spellcasting
  9728 | D:6      | Noticed Dowan
  9869 | D:6      | Noticed Blork the orc
  9876 | D:6      | Killed Blork the orc
 10020 | D:6      | Reached XP level 9. HP: 61/62 MP: 11/17
 10120 | D:6      | Learned a level 4 spell: Airstrike
 10266 | D:7      | Reached skill level 9 in Air Magic
 10464 | D:7      | Reached skill level 1 in Poison Magic
 10696 | D:7      | Found a staircase to the Ecumenical Temple.
 10838 | D:7      | Found a shadowy altar of Dithmenos.
 10927 | D:7      | Noticed Menkaure
 10933 | D:7      | Killed Menkaure
 11176 | D:7      | Reached skill level 1 in Crossbows
 11347 | D:8      | Reached skill level 5 in Conjurations
 11729 | D:8      | Noticed Maurice
 11806 | D:8      | Found a staircase to the Lair.
 11816 | D:8      | Reached XP level 10. HP: 69/69 MP: 9/19
 11984 | D:8      | Killed Maurice
 12005 | D:8      | Reached skill level 10 in Air Magic
 13192 | D:8      | Found Ohyukk's Distillery.
 13197 | D:8      | Bought a potion of curing for 30 gold pieces
 13197 | D:8      | Bought a potion of heal wounds for 50 gold pieces
 13197 | D:8      | Bought a potion of curing for 30 gold pieces
 13197 | D:8      | Bought a potion of lignification for 30 gold pieces
 13960 | D:9      | Found a staircase to the Orcish Mines.
 14698 | D:9      | Identified the +7 dagger of Res Nullius {speed, Contam
                  | rCorr Dex+4 Stlth+}
 14927 | D:9      | Reached skill level 1 in Ice Magic
 15196 | D:9      | Reached XP level 11. HP: 68/74 MP: 3/22
 15199 | D:9      | Reached skill level 5 in Crossbows
 15433 | D:9      | Found a runed translucent gate.
 15433 | D:9      | Found a runed translucent gate.
 15433 | D:9      | Found a runed translucent gate.
 15434 | D:9      | Found an opulent altar of Gozag.
 15435 | D:9      | Noticed Ic0n's ghost (novice TrMo)
 15435 | D:9      | Noticed a boulder beetle
 15435 | D:9      | Noticed a yaktaur captain
 15493 | D:9      | Found a sparkling altar of Nemelex Xobeh.
 15768 | D:9      | Found a burning altar of Makhleb.
 15921 | D:9      | Found a hazy altar of Hepliaklqana.
 16023 | Orc:1    | Entered Level 1 of the Orcish Mines
 16023 | Orc:1    | Noticed an orc knight
 16058 | D:10     | Entered Level 10 of the Dungeon
 16275 | D:10     | Reached skill level 5 in Stealth
 16527 | D:10     | Found a white marble altar of Elyvilon.
 16813 | D:10     | Noticed a two-headed ogre
 16815 | D:10     | Noticed a two-headed ogre
 16920 | D:10     | Killed a two-headed ogre
 16921 | D:10     | Reached skill level 11 in Air Magic
 17047 | D:10     | Killed a two-headed ogre
 17456 | D:10     | Found a glowing silver altar of Zin.
 18118 | D:10     | Found a shimmering blue altar of Sif Muna.
 18222 | D:10     | Noticed a two-headed ogre
 18226 | D:10     | Killed a two-headed ogre
 18391 | D:11     | Noticed a death knight
 18587 | Lair:1   | Entered Level 1 of the Lair of Beasts
 18689 | Lair:1   | Reached skill level 1 in Fighting
 20510 | Lair:1   | Reached XP level 12. HP: 89/89 MP: 8/25
 22241 | Lair:2   | Reached skill level 12 in Air Magic
 22359 | Lair:2   | Reached skill level 5 in Fighting
 22502 | Lair:2   | Found a staircase to the Snake Pit.
 22554 | Lair:2   | Noticed a catoblepas
 23770 | Snake:1  | Entered Level 1 of the Snake Pit
 24343 | Lair:3   | Found a hole to the Spider Nest.
 24347 | Lair:3   | Reached skill level 5 in Dodging
 24599 | Lair:3   | Noticed a catoblepas
 24722 | Lair:3   | Killed a catoblepas
 24723 | Lair:3   | Reached skill level 5 in Ice Magic
 25990 | Lair:3   | Noticed Gastronok
 26147 | Lair:3   | Reached skill level 5 in Shields
 26766 | Lair:4   | Reached skill level 13 in Air Magic
 26837 | Lair:4   | Noticed a death yak
 26837 | Lair:4   | Noticed a death yak
 27464 | Lair:4   | You fall into a shaft and drop 2 floors!
 27464 | Lair:6   | Entered Level 6 of the Lair of Beasts
 27471 | Lair:6   | Reached XP level 13. HP: 83/100 MP: 4/26
 28612 | Lair:5   | Reached skill level 14 in Air Magic
 28701 | Lair:4   | Noticed Sonja
 28703 | Lair:4   | Killed Sonja
 29563 | Lair:5   | Learned a level 3 spell: Ozocubu's Armour
 29575 | Lair:5   | Identified the +8 flail of Maass {elec, rF++ Str+3}
 31027 | Lair:6   | Reached skill level 1 in Short Blades
 31580 | Lair:6   | Reached skill level 15 in Air Magic
 31776 | Lair:6   | Noticed Josephine
 32245 | Lair:6   | Killed Josephine
 32347 | Lair:6   | Found a viscous altar of Jiyva.
 32370 | Lair:6   | Found a staircase to the Slime Pits.
 32504 | Lair:6   | Gained mutation: You have acidic saliva. [Yellow Draconian
                  | growth]
 32504 | Lair:6   | Reached XP level 14. HP: 113/113 MP: 15/27
 32812 | Lair:6   | Reached skill level 10 in Spellcasting
 33152 | Lair:6   | Reached skill level 5 in Short Blades
 35449 | Lair:6   | Identified the +12 glaive of the Slime-mould {vamp, rF+}
 36786 | Spider:1 | Entered Level 1 of the Spider Nest
 37295 | Lair:3   | Slain by an entropy weaver

Illustrated notes

Levels and vault maps discovered:
D:1:      noname_arrival_rooms_in_the_neighbourhood, layout_basic, serial_shops,
          shop_fountains, nicolae_shop_advertising_works
          [nicolae_subvault_shop_adworks], shop,
          nicolae_shop_overgrown_old_shop, nicolae_figureground_sparkle
D:2:      layout_basic, ebering_ecumenical_altar_webs, serial_shops,
          nicolae_shop_behind_doors, uniq_natasha
D:3:      layout_loops_corners
D:4:      layout_basic, serial_bayou, serial_bayou_crossing,
          serial_bayou_pond_c, serial_bayou_shore_a, serial_bayou_ford_a
D:5:      layout_layer_cave, tso_altar, uniq_sigmund
D:6:      layout_cave_pods, ashenzari_conservatory_becter,
          hangedman_decor_slide_cut, st_stairs_13, uniq_blork_the_orc,
          uniq_duvessa
D:7:      layout_loops_cross, grunt_dithmenos_smoke_and_mirrors,
          minmay_temple_entry_fiery, uniq_menkaure
D:8:      layout_loops_ring, minmay_lair_entry_grove, serial_shops,
          nicolae_shop_hallway_stairs, uniq_maurice
D:9:      layout_roguey, mainiacjoe_overflow_six_doors_small, marbit_many_paths,
          demons_altar, hiddenorc1_lemuel, ebering_ghost_gozag,
          hangedman_misty_isle
D:10:     layout_loops_ring, zin_academy, elyvilon_altar_3,
          lemuel_blue_sif_altar, kennysheep_diamond, kennysheep_generic_room_3
D:11:     layout_rooms, uniq_grum
Lair:1:   layout_regular_city, st_stairs_5, fungi_pond_lemuel
Lair:2:   layout_cave_pods, minmay_snake_entry_guardpost_small, ldierk_geyser,
          grunt_megastairs_5
Lair:3:   layout_cave_pods, nicolae_spider_entry_orb_guardian, uniq_gastronok
Lair:4:   layout_cave_pods, infiniplex_staircase_pool, uniq_sonja
Lair:5:   layout_gridlike
Lair:6:   minmay_lair_end_enchanted_forest, layout_misc_corridors,
          slime_altar_1, columned_hall_lemuel, uniq_josephine
Snake:1:  layout_basic, gammafunk_ghost_cemetery
Spider:1: layout_spider_delve
Orc:1:    layout_caves

Skill      XL: |  1  2  3  4  5  6  7  8  9 10 11 12 13 14 |
---------------+-------------------------------------------+-----
Air Magic      | 4 5 6 7 8 9 10 11 13 15 | 15.5
Stealth        | 2 3 4 5 |  5.0
Conjurations   | 2 3 4 5 6 |  6.0
Spellcasting   | 3 4 5 6 7 9 10 | 10.5
Shields        | 1 3 4 6 7 |  7.0
Poison Magic   | 3 |  3.0
Crossbows      | 2 4 6 |  6.0
Ice Magic      | 1 3 6 |  6.0
Dodging        | 4 5 |  5.0
Fighting       | 3 5 7 8 |  8.0
Short Blades   | 4 6 |  6.9

Action                   |  1- 3 |  4- 6 |  7- 9 | 10-12 | 13-15 || total
-------------------------+-------+-------+-------+-------+-------++-------
Melee: Unarmed           |    11 |     4 |       |       |       ||    15
       Tailslap          |     1 |     3 |     2 |     7 |    30 ||    43
       Long sword        |       |    19 |    13 |    16 |       ||    48
       Hand axe          |       |       |       |     3 |       ||     3
       Dagger            |       |       |       |    17 |   141 ||   158
       Bite              |       |       |       |       |     9 ||     9
Throw: Boomerang         |     4 |       |       |       |       ||     4
       Dart              |     4 |     5 |       |     1 |       ||    10
 Cast: Shock             |    75 |   133 |   264 |   164 |    16 ||   652
       Swiftness         |       |     3 |       |     5 |     1 ||     9
       Airstrike         |       |       |    10 |   359 |   474 ||   843
Invok: Fiery Armour      |       |       |     1 |       |     1 ||     2
       Rising Flame      |       |       |       |     1 |       ||     1
 Abil: Breathe Acid      |       |       |    12 |    14 |    14 ||    40
Evoke: Wand              |       |       |       |       |     1 ||     1
  Use: Potion            |       |     1 |     4 |     2 |     4 ||    11
       Scroll            |       |       |     2 |     9 |     3 ||    14
Armor: Skin              |     8 |    19 |    44 |    87 |   151 ||   309
Dodge: Dodged            |    24 |    48 |    53 |   157 |   277 ||   559
Block: Buckler           |       |       |    19 |    79 |   135 ||   233

Table legend: (Time is in decaauts)
 A = Elapsed time spent in this place.
 B = Non-inter-level travel time spent in this place.
 C = Inter-level travel time spent in this place.
 D = Time resting spent in this place.
 E = Time spent auto-exploring this place.
 F = Levels seen in this place.
 G = Mean time per level.
                   A        B        C        D        E       F      G
               +--------+--------+--------+--------+--------+-----+--------+
         Total |  37396 |  36145 |   1251 |  19024 |   7792 |  20 | 1869.8 |
       Dungeon |  20766 |  20057 |    709 |  10499 |   5584 |  11 | 1887.8 |
          Lair |  16528 |  15986 |    542 |   8496 |   2207 |   6 | 2754.7 |
     Snake Pit |      1 |      1 |      0 |      0 |      0 |   1 |    1.0 |
   Spider Nest |     78 |     78 |      0 |     29 |      0 |   1 |   78.0 |
  Orcish Mines |     21 |     21 |      0 |      0 |      0 |   1 |   21.0 |
               +--------+--------+--------+--------+--------+-----+--------+

Top non-repeatable levels by time:
  Lair:6: 3930 daAuts
     D:8: 3212 daAuts
  Lair:5: 3179 daAuts
  Lair:3: 2929 daAuts
  Lair:2: 2771 daAuts
    D:10: 2480 daAuts
     D:9: 2405 daAuts
     D:7: 2361 daAuts
  Lair:1: 2162 daAuts
     D:5: 2070 daAuts
     D:4: 1994 daAuts
     D:3: 1942 daAuts
     D:6: 1677 daAuts
  Lair:4: 1555 daAuts
     D:2: 1351 daAuts
